 Dungeon Crawl Stone Soup version 0.22-a0-402-ga933591 (webtiles) character file.

945 Leszczynek the Ruffian (level 7, 0/50 HPs)
             Began as a Mummy Artificer on May 6, 2018.
             Was an Initiate of Gozag.
             Killed by divine providence
             ... invoked by an orc priest
              (17 damage)
             ... on level 6 of the Dungeon.
             The game lasted 00:20:53 (4000 turns).

Leszczynek the Ruffian (Mummy Artificer)            Turns: 4000, Time: 00:20:54

Health: 0/50       AC:  6    Str: 17    XL:     7   Next: 89%
Magic:  8/8        EV: 11    Int: 11    God:    Gozag
Gold:   320        SH:  0    Dex: 15    Spells: 5/6 levels left

rFire    x . .     SeeInvis .   a - +2 quarterstaff (flame)
rCold    + . .     Gourm    .   (shield currently unavailable)
rNeg     + + +     Faith    .   p - +0 ring mail
rPois    ∞         Spirit   .   (no helmet)
rElec    .         Reflect  .   (no cloak)
rCorr    .         Harm     .   k - +0 pair of gloves
MR       .....                  (no boots)
Stlth    +.........             (no amulet)
HPRegen  0.16/turn              b - +3 ring of dexterity
MPRegen  0.11/turn              (no ring)

@: gold aura
A: no food or potions, fire vulnerability, cold resistance 1, negative energy
resistance 3, torment resistance, unbreathing
a: Potion Petition, Call Merchant, Bribe Branch, Renounce Religion


You were on level 6 of the Dungeon.
You worshipped Gozag.
Gozag was aware of your devotion.
You were not hungry.

You visited 2 branches of the dungeon, and saw 7 of its levels.
You also visited: Sewer.

You collected 453 gold pieces.
You paid 133 gold pieces to Gozag.

Inventory:

Hand Weapons
 a - a +2 quarterstaff of flaming (weapon)
 q - a +0 blowgun
Missiles
 f - 51 bolts
 h - 18 sling bullets
Armour
 k - a +0 pair of gloves (worn)
 p - a +0 ring mail (worn)
Jewellery
 b - a +3 ring of dexterity (left hand)
 l - an uncursed ring of ice
Wands
 c - a wand of flame (4)
 d - a wand of disintegration (5)
 g - a wand of iceblast (7)
 t - a wand of enslavement (7)
Scrolls
 i - 2 scrolls of fog
 n - a scroll of magic mapping {unknown}
 o - 3 scrolls of teleportation
 r - a scroll of random uselessness {unknown}
 s - a scroll of immolation {unknown}
 u - a scroll of brand weapon
 v - a scroll of blinking {unknown}


   Skills:
 + Level 2.3 Fighting
   Level 0.7 Short Blades
 - Level 1.5 Dodging
 - Level 0.7 Stealth
 * Level 7.2 Unarmed Combat
 - Level 2.4 Evocations


You had 5 spell levels left.
You knew the following spells:

 Your Spells              Type           Power        Failure   Level  Hunger
A - Apportation           Tloc           #.....       54%         1    N/A

Dungeon Overview and Level Annotations

Branches:
Dungeon (6/15)             Temple (1/1) D:4

Altars:
Ashenzari
Cheibriados
Dithmenos
Elyvilon
Fedhas
Gozag
Hepliaklqana
Kikubaaqudgha
Makhleb
Nemelex Xobeh
Ru
Sif Muna
Trog
Uskayaw
Vehumet
Xom
Zin
The Shining One

Annotations:
D:6 Blork the orc


Innate Abilities, Weirdness & Mutations

You do not eat or drink.
Your flesh is vulnerable to fire.
You are immune to poison.
Your flesh is cold resistant. (rC+)
You are immune to negative energy. (rN+++)
You are immune to unholy pain and torment.
You can survive without breathing.


Message History

Okay, then.
Evoke which item? (* to show all) (? for menu, Esc to quit)
Aiming: Enslavement
Press: ? - help, Shift-Dir - straight line, f/p - orc priest
Aim: an orc priest (chance to defeat MR: 52%)
The orc priest is no longer distracted by gold.
The orc priest resists with significant effort.
The orc closely misses you. The orc barely misses you.
The orc priest is distracted by the nearby gold.
Evoke which item? (* to show all) (? for menu, Esc to quit)
Aiming: Enslavement
Press: ? - help, Shift-Dir - straight line, f/p - orc priest
Aim: an orc priest (chance to defeat MR: 52%)
The orc priest is no longer distracted by gold.
The orc priest resists with significant effort.
The orc barely misses you. The orc closely misses you.
The orc priest mumbles some strange prayers to Beogh against you.
Beogh smites you!
You die...
Your body crumbles into a pile of gold.

# #.........[#
#..........# #
#..........#
..####..........########
.............!.........#
####....(...##.........#
#........o..##.........#
#.##....ooo(##.........#
........#@####.........#
#.#####<#.# ###########
# #.....#.. ##.####### #


You could see an orc priest and 3 orcs.

Vanquished Creatures
  Grinder (D:5)
  2 ogres
  An ice beast (D:5)
  2 centaurs
  2 hounds
  An iguana (D:4)
  A worker ant (D:4)
  A hound skeleton (D:4)
  A howler monkey skeleton (D:4)
  8 adders
  3 worms
  2 dart slugs
  3 leopard geckos
  6 orcs
  11 giant cockroaches
  15 goblins
  7 hobgoblins
  2 jackals (D:5)
  4 quokkas
  11 bats
  5 frilled lizards
  9 kobolds
  13 rats
111 creatures vanquished.

Notes
Turn   | Place    | Note
-------+----------+-------------------------------------------
     0 | D:1      | Leszczynek the Mummy Artificer began the quest for the Orb.
     0 | D:1      | Reached XP level 1. HP: 15/15 MP: 2/2
   145 | D:1      | Reached skill level 2 in Fighting
   145 | D:1      | Reached XP level 2. HP: 10/22 MP: 3/3
   299 | D:2      | HP: 4/22 [quokka (1)]
   443 | D:2      | Reached skill level 1 in Unarmed Combat
   641 | D:1      | HP: 4/22 [giant cockroach (1)]
   643 | D:1      | Reached XP level 3. HP: 5/27 MP: 4/4
  1019 | D:2      | Reached skill level 2 in Unarmed Combat
  1191 | D:2      | Reached XP level 4. HP: 25/33 MP: 5/5
  1627 | D:3      | Reached skill level 3 in Unarmed Combat
  1837 | D:4      | Found a staircase to the Ecumenical Temple.
  1849 | Temple   | Entered the Ecumenical Temple
  1892 | Temple   | Became a worshipper of Gozag Ym Sagoz the Greedy
  2005 | D:4      | HP: 4/33 [iguana (8)]
  2020 | D:4      | Reached XP level 5. HP: 19/38 MP: 6/6
  2054 | D:4      | Found a radiant altar of Vehumet.
  2056 | D:4      | Found a bloodstained altar of Trog.
  2065 | D:4      | Found a burning altar of Makhleb.
  2117 | D:4      | Found a glowing drain.
  2160 | Sewer    | Entered a sewer
  2274 | Sewer    | Noticed Purgy
  2326 | D:4      | Reached skill level 4 in Unarmed Combat
  2549 | D:4      | Found a shimmering altar of Xom.
  2549 | D:4      | Noticed an ogre
  2554 | D:4      | Killed an ogre
  2554 | D:4      | Reached XP level 6. HP: 44/44 MP: 7/7
  2865 | D:3      | Reached skill level 5 in Unarmed Combat
  3146 | D:5      | Entered Level 5 of the Dungeon
  3164 | D:5      | Identified Deinwaen's Spellcraft, Part One
  3171 | D:5      | Learned a level 1 spell: Apportation
  3271 | D:6      | Noticed Blork the orc
  3363 | D:5      | Noticed an ice beast
  3372 | D:5      | Killed an ice beast
  3372 | D:5      | Reached skill level 6 in Unarmed Combat
  3372 | D:5      | Reached XP level 7. HP: 33/50 MP: 8/8
  3547 | D:5      | Found a sparkling altar of Nemelex Xobeh.
  3641 | D:5      | Noticed Grinder
  3927 | D:5      | Killed Grinder
  3927 | D:5      | Reached skill level 7 in Unarmed Combat
  3999 | D:6      | FIFTY TWO
  3999 | D:6      | 5 2 %
  4000 | D:6      | Killed from afar by an orc priest

Vault maps used:
D:1:      sevenhm_arrival_forest_fort_small_5, hex_tiny
D:3:      serial_bayou_pond_a, minmay_ogre_servants
D:4:      bloody_makhleb, xom_butterflies, nicolae_overflow_hidden_temple,
          temple_hall, gup_sewer_entry_glass
D:5:      marbit_many_paths, nemelex_xobeh_ov_fountains_minmay, first_ration,
          uniq_grinder
D:6:      serial_shops, shop, uniq_blork_the_orc
Temple:   dshaligram_water_room_temple
Sewer:    kennysheep_door_sewer

Skill      XL: |  1  2  3  4  5  6  7 |
---------------+----------------------+-----
Fighting       | 2 |  2.3
Unarmed Combat | 1 2 3 4 6 7 |  7.2
Short Blades   | |  0.7
Dodging        | |  1.5
Stealth        | |  0.7
Evocations     | |  2.4

Action                   |  1- 3 |  4- 6 |  7- 9 || total
-------------------------+-------+-------+-------++-------
Melee: Short sword       |   172 |   222 |       ||   394
       Punch             |     1 |     1 |       ||     2
       Quarterstaff      |       |    62 |    40 ||   102
Invok: Potion Petition   |       |     1 |     1 ||     2
Evoke: Wand              |     2 |    21 |    24 ||    47
  Use: Scroll            |       |     3 |     7 ||    10
 Stab: Sleeping          |     3 |       |       ||     3
       Distracted        |     1 |     1 |       ||     2
Armor: Leather armour    |    58 |    22 |       ||    80
       Ring mail         |       |    66 |    13 ||    79
Dodge: Dodged            |    94 |   164 |    48 ||   306

Table legend:
 A = Spawn XP
 B = Non-spawn XP
 C = Spawn XP percentage of total XP
 D = Spawn monster count
 E = Non-spawn monster count
 F = Spawn count percentage of total count
 G = Total turns spent on level
                    A         B        C        D         E        F      G
               +---------+---------+-------+---------+---------+-------+---------
         Total |       0 |    1351 |   0.0 |       0 |     111 |   0.0 |  4000
               +---------+---------+-------+---------+---------+-------+---------
           D:1 |       0 |      48 |   0.0 |       0 |      29 |   0.0 |   803
           D:2 |       0 |      66 |   0.0 |       0 |      24 |   0.0 |   608
           D:3 |       0 |     184 |   0.0 |       0 |      22 |   0.0 |   626
           D:4 |       0 |     338 |   0.0 |       0 |      18 |   0.0 |   915
           D:5 |       0 |     593 |   0.0 |       0 |      12 |   0.0 |   787
           D:6 |       0 |     115 |   0.0 |       0 |       1 |   0.0 |    67
         Sewer |       0 |       7 |   0.0 |       0 |       5 |   0.0 |   137
               +---------+---------+-------+---------+---------+-------+---------
